 Dungeon Crawl Stone Soup version 0.30-a0-726-gd89dcf765f (webtiles) character file.

Game seed: 8770292073110286872

109 browni3141 the Digger (level 5, -1/38 HPs)
             Began as a Human Earth Elementalist on Jan 30, 2023.
             Slain by a phantom (2 damage)
             ... on level 3 of the Dungeon.
             The game lasted 00:02:48 (2364 turns).

browni3141 the Digger (Human Earth Elementalist)    Turns: 2364, Time: 00:02:48

Health: -1/38      AC:  5    Str:  9    XL:     5   Next: 13%
Magic:  0/8        EV: 12    Int: 23    God:
Gold:   131        SH:  0    Dex: 19    Spells: 2/8 levels left

rFire   . . .      SeeInvis .    v - +1 dagger (vamp)
rCold   . . .      Faith    .    (no shield)
rNeg    . . .      Spirit   .    a - +0 robe
rPois   .          Reflect  .    (no helmet)
rElec   .          Harm     .    d - +2 cloak
rCorr   .          Rampage  .    (no gloves)
Will    .....                    (no boots)
Stlth   ++                       (no amulet)
HPRegen 0.26/turn                i - +6 ring of intelligence
MPRegen 0.11/turn                w - +6 ring of dexterity

@: no status effects
A: no striking features
a: no special abilities


You were on level 3 of the Dungeon.
You visited 1 branch of the dungeon, and saw 3 of its levels.

You collected 131 gold pieces.

Inventory:

Hand Weapons
 e - a +0 club
 u - a +0 dagger
 v - a +1 vampiric dagger (weapon)
Missiles
 g - 3 poisoned darts
Armour
 a - a +0 robe (worn)
 d - a +2 cloak (worn)
Jewellery
 i - a +6 ring of intelligence (left hand)
 w - a +6 ring of dexterity (right hand)
Wands
 r - a wand of roots (6)
Scrolls
 c - a scroll of immolation {unknown}
 j - a scroll of amnesia {unknown}
 k - 2 scrolls of teleportation {unknown}
 m - a scroll of silence {unknown}
 n - a scroll of fear {unknown}
 o - 4 scrolls of identify {unknown}
 s - a scroll of fog {unknown}
 t - a scroll of enchant armour {unknown}
Potions
 b - a potion of magic
 f - a potion of haste {unknown}
 h - a potion of heal wounds {unknown}
 l - 2 potions of degeneration {unknown}
 p - a potion of curing {unknown}
 q - a potion of flight {unknown}


   Skills:
 - Level 2.0 Fighting
 - Level 2.0 Dodging
 - Level 2.0 Stealth
 - Level 2.0 Spellcasting
 * Level 2.9 Transmutations
 - Level 4.0 Earth Magic


You had 2 spell levels left.
You knew the following spells:

 Your Spells              Type           Power      Damage    Failure   Level
a - Sandblast             Erth           40%        2d10      2%          1
b - Passwall              Tmut/Erth      15%        N/A       4%          2
c - Stone Arrow           Conj/Erth      22%        3d8       17%         3

Your spell library contained the following spells:

 Spells                   Type           Power      Damage    Failure   Level
 Petrify                  Tmut/Erth      18%        N/A       30%         4


Dungeon Overview and Level Annotations

Branches:
Dungeon (3/15)

Altars:
Fedhas
Uskayaw

Annotations:
D:3 1 runed translucent door, PriceMaster's ghost, amateur OpCj


Message History

Aim: a phantom (severely damaged, 76% to hit)
The blast of sand hits the phantom.
The phantom is almost destroyed.
The phantom hits you.
Aiming: Fastroot
Press: ? - help, Shift-Dir - straight line, f - you, p - phantom The roots erupt in riotous growth!
The phantom is unaffected.
The phantom hits you.
The phantom blinks!
You blink.
Aiming: Fastroot
Press: ? - help, Shift-Dir - straight line, f - you The roots erupt in riotous growth!
The phantom is unaffected.
The phantom hits you but does no damage.
You hit the phantom.
The phantom is almost destroyed.
The phantom misses you.
You hit the phantom.
The phantom is almost destroyed.
The phantom misses you.
You hit the phantom but do no damage.
The phantom is almost destroyed.
The phantom hits you.
* * * LOW HITPOINT WARNING * * *
The phantom blinks!
You blink.
You barely miss the phantom.
The phantom is almost destroyed.
The phantom hits you.
* * * LOW HITPOINT WARNING * * *
The phantom blinks!
You blink.
The phantom attacks as you move away! The phantom hits you.
* * * LOW HITPOINT WARNING * * *
Aiming: Sandblast (safe; 2% risk of failure)
Press: ? - help, Q - select action, (/) - cycle Shift-Dir - straight line, f - phantom
Aim: a phantom (almost destroyed, 76% to hit)
The blast of sand hits the phantom but does no damage.
The phantom is almost destroyed.
The phantom completely misses you. The phantom hits you!
* * * LOW HITPOINT WARNING * * *
Unknown command.
The phantom attacks as you move away! The phantom hits you.
You die...

######.###.#
###########.#.# #.....#
#.............# ####..#
#.#.##.###.#### #..#
#.#.##.# #.# #..# #.#.##.#
#.# #..# ######.#<##<# #.#
#########..# #.........#.#
#.#
...........###.####.#..#.#
#.#
....≈...........@W.....#.#
#.####
....≈._...J##.#.###......#
#..... ....≈..... ##
####.### ###### .P..≈≈≈≈..
#.#### †......... #....#
.......... ####.#
..P....... #.# P.....P...
#.# .......... #.# #


You could see a phantom and an endoplasm (wandering).

Vanquished Creatures
  2 orc wizards (D:3)
  A worm (D:2)
  A dart slug (D:1)
  8 orcs (D:3)
  8 endoplasms
  3 giant cockroaches (D:3)
  5 goblins
  2 hobgoblins
  A kobold (D:1)
  A quokka (D:1)
  2 ball pythons
  7 bats
  A frilled lizard (D:1)
  A rat (D:2)
43 creatures vanquished.

Vanquished Creatures (others)
  20 plants (D:3)
20 creatures vanquished.

Grand Total: 63 creatures vanquished

Notes
Turn   | Place    | Note
-------+----------+-------------------------------------------
     0 | D:1      | browni3141 the Human Earth Elementalist began the quest for
                  | the Orb.
     0 | D:1      | Reached XP level 1. HP: 13/13 MP: 3/3
    61 | D:1      | Reached skill level 1 in Fighting
   115 | D:1      | Reached XP level 2. HP: 21/21 MP: 3/5
   147 | D:1      | Learned a level 2 spell: Passwall
   635 | D:1      | Found a faded altar of an unknown god.
   888 | D:2      | Found a hide-covered altar of Uskayaw.
   915 | D:2      | Reached XP level 3. HP: 15/27 MP: 1/6
  1624 | D:2      | Learned a level 3 spell: Stone Arrow
  1839 | D:3      | Found a runed translucent door.
  1842 | D:3      | Noticed PriceMaster's ghost (amateur OpCj)
  1879 | D:3      | Reached XP level 4. HP: 30/33 MP: 2/7
  2012 | D:3      | Reached skill level 4 in Earth Magic
  2043 | D:3      | Found a blossoming altar of Fedhas.
  2202 | D:3      | Reached XP level 5. HP: 38/38 MP: 5/8
  2339 | D:3      | Noticed a phantom
  2363 | D:3      | HP: 1/38 [phantom (7)]
  2364 | D:3      | Slain by a phantom

Illustrated notes

Levels and vault maps discovered:
D:1:      scummos_arrival_simple_fountains, layout_basic,
          ebering_ecumenical_altar_ruins
D:2:      layout_loops_corners, basic_altar
D:3:      layout_loops_ring, mainiacjoe_overflow_chevrons,
          ebering_ghost_reflecting_pool

Skill      XL: |  1  2  3  4 |
---------------+-------------+-----
Fighting       | 1 2 |  2.0
Earth Magic    | 4 |  4.0
Transmutations | 2 |  2.9
Dodging        | |  2.0
Stealth        | |  2.0
Spellcasting   | |  2.0

Action                     |  1- 3 |  4- 6 || total
---------------------------+-------+-------++-------
  Melee: Club              |     5 |       ||     5
         Dagger            |       |    14 ||    14
   Cast: Sandblast         |    36 |    33 ||    69
  Evoke: Wand              |       |     2 ||     2
 Armour: Robe              |     3 |     8 ||    11
  Dodge: Dodged            |     4 |    22 ||    26

Table legend: (Time is in decaauts)
 A = Elapsed time spent in this place.
 B = Non-inter-level travel time spent in this place.
 C = Inter-level travel time spent in this place.
 D = Time resting spent in this place.
 E = Time spent auto-exploring this place.
 F = Levels seen in this place.
 G = Mean time per level.
                   A        B        C        D        E       F      G
               +--------+--------+--------+--------+--------+-----+--------+
         Total |   2397 |   2380 |     17 |      0 |   2081 |   3 |  799.0 |
       Dungeon |   2397 |   2380 |     17 |      0 |   2081 |   3 |  799.0 |
               +--------+--------+--------+--------+--------+-----+--------+

Top non-repeatable levels by time:
     D:2: 910 daAuts
     D:3: 747 daAuts
     D:1: 739 daAuts
